 Dungeon Crawl Stone Soup version 0.20.1-1-g8b1a95d (webtiles) character file.

61 dara the Skirmisher (level 3, 0/33 HPs)
             Began as a Minotaur Monk on Dec 29, 2017.
             Killed from afar by Sigmund (3 damage)
             ... with a puff of flame
             ... on level 2 of the Dungeon.
             The game lasted 00:17:12 (1255 turns).

dara the Skirmisher (Minotaur Monk)                 Turns: 1255, Time: 00:17:13

Health: 0/33       AC:  6    Str: 16    XL:     3   Next: 83%
Magic:  2/2        EV: 11    Int:  7    God:
Gold:   22         SH:  0    Dex: 12    Spells: 2/2 levels left

rFire    . . .     SeeInvis .   e - +0 mace
rCold    . . .     Gourm    .   (no shield)
rNeg     . . .     Faith    .   m - +0 scale mail
rPois    .         Spirit   .   (helmet restricted)
rElec    .         Reflect  .   (no cloak)
rCorr    .         Harm     +   (no gloves)
MR       .....                  (no boots)
Stlth    ..........             w - amulet of harm
Regen    0.2/turn               (no ring)
MPRegen  0.1/turn               (no ring)

@: no status effects
A: retaliatory headbutt, horns 2
a: no special abilities


You were on level 2 of the Dungeon.
You were not hungry.

You visited 1 branch of the dungeon, and saw 2 of its levels.

You collected 22 gold pieces.

Inventory:

Hand Weapons
 b - a +0 arbalest
 e - a +0 mace (weapon)
 k - a +0 spear
 r - a +0 hunting sling
Missiles
 h - 19 sling bullets (quivered)
 i - 13 poisoned needles
 p - a stone
 q - a throwing net
 s - 16 arrows
Armour
 m - a +0 scale mail (worn)
Jewellery
 w - an amulet of harm (around neck)
 x - a cursed ring of teleportation {unknown}
Scrolls
 a - 2 scrolls of identify {unknown}
 d - a scroll of blinking {unknown}
 g - a scroll of remove curse {unknown}
 j - a scroll of amnesia {unknown}
 l - a scroll of fear {unknown}
 n - a scroll of enchant armour {unknown}
 t - a scroll of teleportation {unknown}
 y - a scroll of recharging {unknown}
Potions
 u - a potion of magic {unknown}
 v - a potion of mutation {unknown}
Comestibles
 c - 5 bread rations
 o - 7 fruits


   Skills:
 + Level 4.3 Fighting
   Level 4.2 Axes
 + Level 1.0 Armour
 + Level 4.1 Dodging
 + Level 1.8 Stealth


You had 2 spell levels left.
You didn't know any spells.

Dungeon Overview and Level Annotations

Branches:
Dungeon (2/15)

Altars:

Annotations:
D:2 Sigmund


Innate Abilities, Weirdness & Mutations

You reflexively headbutt those who attack you in melee.
You have a pair of horns on your head.


Message History

A bat comes into view.
Sigmund casts a spell at you. You resist with significant effort.
The bat hits you but does no damage. The bat hits you but does no damage.
The bat hits you but does no damage. The bat barely misses you.
The bat hits you but does no damage. The bat hits you but does no damage.
The bat barely misses you. You furiously retaliate!
You headbutt the bat!
You kill the bat!
Your Armour skill increases to level 1!
Sigmund gestures at you while chanting. You resist with significant effort.
Sigmund casts a spell.
Sigmund flickers and vanishes!
Deactivating autopickup; reactivate with Ctrl-A.
A puff of flame appears from out of thin air!
The puff of flame hits you!
You die...

#.# #.# ###########.###
.##...........# .##...........#
.#..........[.# .#............#
####
.#............################...
.#............'.@.....{..........
.#............################...
..............# #...
.#............################@..
.#>...........................###
...........).################.##
#............# #..#
'...[........# ##.##
#............# #..#


There were no monsters in sight!

Vanquished Creatures
  A gnoll (D:1)
  An ooze (D:1)
  2 worms (D:2)
  A leopard gecko (D:2)
  A giant cockroach (D:2)
  3 goblins (D:1)
  4 hobgoblins
  6 jackals
  4 kobolds (D:1)
  A quokka (D:2)
  2 ball pythons
  7 bats
  A frilled lizard (D:2)
  4 rats
38 creatures vanquished.

Notes
Turn   | Place    | Note
-------+----------+-------------------------------------------
     0 | D:1      | dara the Minotaur Monk began the quest for the Orb.
     0 | D:1      | Reached XP level 1. HP: 19/19 MP: 0/0
   305 | D:1      | Reached XP level 2. HP: 27/27 MP: 1/1
   628 | D:1      | Reached XP level 3. HP: 33/33 MP: 2/2
  1215 | D:2      | Noticed Sigmund
  1232 | D:2      | HP: 1/33 [Sigmund/scythe (8)]
  1246 | D:2      | Reached skill level 1 in Armour
  1255 | D:2      | Killed from afar by Sigmund

Skill      XL: |  1  2  3 |
---------------+----------+-----
Axes           | 4 |  4.2
Fighting       | 4 |  4.3
Dodging        | 4 |  4.1
Armour         | 1 |  1.0
Stealth        | |  1.8

Action                   || total
-------------------------++-------
Melee: Hand axe          ||    65
       Headbutt          ||    16
       Mace              ||     6
 Fire: Hunting sling     ||     5
Throw: Throwing net      ||     1
 Stab: Sleeping          ||     1
  Eat: Chunk             ||     1
Armor: Robe              ||     5
       Scale mail        ||    21
       Leather armour    ||     1
Dodge: Dodged            ||    48
